 Dungeon Crawl Stone Soup version 0.20-a0-830-g2c9a30d (webtiles) character file.

84 Aksej the Slasher (level 4, 0/37 HPs)
             Began as a Demonspawn Monk on Mar 7, 2017.
             Slain by an orc wizard
             ... wielding a +0 dagger
              (2 damage)
             ... on level 3 of the Dungeon.
             The game lasted 00:05:04 (1538 turns).

Aksej the Slasher (Demonspawn Monk)                 Turns: 1538, Time: 00:05:05

Health: 0/37       AC:  7    Str: 11    XL:     4   Next: 23%
Magic:  0/4        EV: 13    Int: 12    God:
Gold:   136        SH:  0    Dex: 16    Spells: 3/3 levels left

rFire    . . .     SeeInvis .   a - +0 falchion
rCold    + . .     Gourm    .   b - +0 robe
rNeg     . . .     Faith    .   (no shield)
rPois    .         Spirit   +   (no helmet)
rElec    .         Reflect  .   n - +0 cloak
rCorr    .         Harm     .   f - +0 pair of gloves
MR       .....                  (no boots)
Stlth    ++........             (no amulet)
Regen    0.2/turn               (no ring)
MPRegen  0.1/turn               (no ring)

@: no status effects
A: rugged brown scales 3, cold resistance 1, magic shield, rot immunity
a: no special abilities


You were on level 3 of the Dungeon.
You were not hungry.

You visited 1 branch of the dungeon, and saw 3 of its levels.

You collected 136 gold pieces.

Inventory:

Hand Weapons
 a - a +0 falchion (weapon)
Armour
 b - a +0 robe (worn)
 f - a +0 pair of gloves (worn)
 n - a +0 cloak (worn)
Jewellery
 i - an uncursed ring of poison resistance {unknown}
Wands
 s - a wand of random effects (21/48)
Scrolls
 g - a scroll of amnesia {unknown}
Potions
 d - a potion of curing
 e - a potion of brilliance
 h - a potion of ambrosia
 l - a potion of cancellation
 o - a potion of mutation
 q - a potion of agility
Comestibles
 c - 4 bread rations
 k - 12 chunks of flesh
 m - a meat ration
 p - a royal jelly


   Skills:
 + Level 3.3 Fighting
 * Level 3.9 Long Blades
 + Level 3.1 Dodging
 + Level 2.2 Stealth


You had 3 spell levels left.
You didn't know any spells.

Dungeon Overview and Level Annotations

Branches:
Dungeon (3/15)

Altars:
Ashenzari
Gozag
Okawaru
Xom


Innate Abilities, Weirdness & Mutations

You are completely covered in rugged brown scales. (AC +3, +7% HP)
When hurt, damage is shared between your health and your magic reserves.
You are immune to rotting.
Your flesh is cold resistant. (rC+)


Message History

Something hits you but does no damage. The orc closely misses you.
The orc wizard casts a spell at you. The magic dart hits you!
* * * LOW HITPOINT WARNING * * *
Unknown command.
You hit the orc wizard.
The orc wizard is severely wounded.
Something hits you but does no damage.
The orc wizard hits you but does no damage.
The orc barely misses you.
You riposte.
You hit the orc.
The orc is severely wounded.
You hear some strange, mumbled words.
A puff of flame appears from out of thin air!
The puff of flame hits you!
* * * LOW HITPOINT WARNING * * *
Unknown command.
You barely miss the orc wizard.
The orc wizard is severely wounded.
The orc wizard hits you with a dagger.
You die...

.≈≈#.g #................
.≈≈#####≈≈≈≈≈≈≈≈≈≈≈≈...)
.≈≈≈≈≈≈≈≈≈≈≈≈≈≈≈≈≈≈≈....
≈≈≈≈≈≈≈≈≈≈≈≈≈≈≈≈≈≈≈....
.P.....................
# ##.....####.....##..#
...##........().....#...
......(..#####.####.#.##
.....>)@{#####÷...#.#.#
.......oo#........#.#.#
...##....#........#.#.##
.. #....#........#.#...
. #....#........#.#..#
#....#........#.#...
#....#........#.#...
.....#........#....#
#######+###
#..........#...


You could see an orc wizard and an orc.

Vanquished Creatures
  An adder (D:2)
  2 gnolls (D:3)
  An ooze (D:2)
  A worm (D:2)
  A dart slug (D:1)
  An orc (D:3)
  3 giant cockroaches
  4 goblins
  6 hobgoblins
  4 jackals (D:3)
  7 kobolds
  A ball python (D:1)
  3 bats
  A frilled lizard (D:1)
  10 rats
46 creatures vanquished.

Vanquished Creatures (others)
  5 toadstools (D:1)
5 creatures vanquished.

Grand Total: 51 creatures vanquished

Notes
Turn   | Place    | Note
-------+----------+-------------------------------------------
     0 | D:1      | Aksej the Demonspawn Monk began the quest for the Orb.
     0 | D:1      | Reached XP level 1. HP: 18/18 MP: 1/1
   231 | D:1      | Gained mutation: When hurt, damage is shared between your health and your magic reserves. [demonic ancestry]
   231 | D:1      | Reached XP level 2. HP: 5/24 MP: 2/2
   467 | D:1      | Gained mutation: You are partially covered in rugged brown scales. (AC +1, +3% HP) [potion of mutation]
   467 | D:1      | Gained mutation: You are mostly covered in rugged brown scales. (AC +2, +5% HP) [potion of mutation]
   467 | D:1      | Gained mutation: Your flesh is cold resistant. (rC+) [potion of mutation]
   659 | D:2      | Found a shattered altar of Ashenzari.
   724 | D:2      | Gained mutation: You are completely covered in rugged brown scales. (AC +3, +7% HP) [demonic ancestry]
   724 | D:2      | Reached XP level 3. HP: 24/31 MP: 3/3
   811 | D:2      | Found an opulent altar of Gozag.
   987 | D:2      | Found an iron altar of Okawaru.
  1285 | D:2      | Found a shimmering altar of Xom.
  1354 | D:3      | Noticed a scorpion
  1383 | D:3      | Gained mutation: You are immune to rotting. [demonic ancestry]
  1383 | D:3      | Reached XP level 4. HP: 11/37 MP: 0/4
  1538 | D:3      | Slain by an orc wizard

Vault maps used:
D:1:      ldierk_walled_garden, minmay_cut_off
D:2:      xom_butterflies, nicolae_gozag_seed_capital, lemuel_doored_altar,
          kennysheep_okawaru_gauntlet
D:3:      lemuel_castle_with_subvaults, first_bread, gup_sewer_entry_glass

Skill      XL: |  1  2  3 |
---------------+----------+-----
Long Blades    | 3 |  3.9
Stealth        | 2 |  2.2
Dodging        | 3 |  3.1
Fighting       | |  3.3

Action                   |  1- 3 |  4- 6 || total
-------------------------+-------+-------++-------
Melee: Falchion          |   122 |    23 ||   145
  Use: Scroll            |     6 |       ||     6
       Potion            |     6 |       ||     6
 Stab: Sleeping          |     5 |       ||     5
  Eat: Chunk             |     2 |       ||     2
Armor: Robe              |    34 |    20 ||    54
Dodge: Dodged            |    86 |    23 ||   109
       Rpst.: Falchion   |    31 |    10 ||    41
